Map: Catalyst LE

Players

LiquidSnute (Snute) - Winner!

  • Race: Zerg Zerg
  • League: Master
  • Spawn Location: 11:00

JJAKJI

  • Race: Terran Terran
  • Spawn Location: 5:00

Event: HomeStory Cup XVI

VOD

Have the link to the VOD?

Description

Time

  • Played on: Nov. 9, 2017, 1:36 p.m.
  • Length: 10:24

All games in this series

Show
View Real Time Build Order
Export as new Build Order

LiquidSnute Zerg - Winner!

Build Orders: Pool First 

Get SALT Encoding   

  12  0:00  Drone  
  13  0:12  Overlord  
  13  0:17  Drone  
  14  0:30  Drone x2  
  14  0:34  Drone  
  17  0:45  Spawning Pool  
  17  0:48  Drone  
  17  0:56  Drone  
  18  1:11  Hatchery  
  18  1:15  Extractor  
  18  1:16  Drone  
  17  1:19  Drone  
  18  1:32  Queen, Zergling x2  
  21  1:40  Overlord  
  21  1:49  Drone  
  22  2:00  Drone  
  23  2:07  Queen  
  25  2:13  Drone  
  26  2:18  Metabolic Boost  
  26  2:24  Drone x2  
  26  2:25  Queen  
  30  2:32  Drone  
  30  2:35  Overlord  
  31  2:39  Drone  
  31  2:40  Drone  
  31  2:41  Drone  
  34  2:44  Drone  
  34  2:46  Drone  
  36  2:55  Drone  
  36  2:56  Drone  
  38  3:05  Hatchery  
  37  3:07  Overlord  
  37  3:09  Drone  
  38  3:18  Drone x5  
  43  3:20  Drone  
  43  3:23  Overlord  
  44  3:28  Queen  
  44  3:33  Queen  
  48  3:37  Zergling x2  
  48  3:38  Zergling x2  
  48  3:39  Zergling x2  
  51  3:42  Zergling x2  
  51  3:50  Zergling x10  
  51  3:51  Zergling x2  
  57  3:56  Drone x2  
  59  4:03  Overlord  
  59  4:09  Drone  
  60  4:16  Queen x2  
  64  4:17  Queen  
  66  4:29  Drone x4  
  66  4:30  Drone x3  
  66  4:38  Drone x2  
  66  4:39  Drone x2  
  66  4:42  Drone  
  66  4:43  Drone x2  
  72  4:46  Drone  
  72  4:47  Drone  
  72  4:50  Drone x2  
  72  4:51  Drone  
  74  4:54  Overlord  
  74  4:57  Overlord  
  74  4:59  Queen  
  73  5:00  Spore Crawler  
  73  5:01  Spore Crawler  
  73  5:03  Evolution Chamber, Queen  
  73  5:04  Evolution Chamber  
  73  5:06  Baneling Nest  
  72  5:08  Spore Crawler  
  72  5:09  Drone  
  72  5:10  Drone  
  72  5:12  Drone x2  
  75  5:15  Drone x2  
  75  5:17  Extractor  
  75  5:18  Extractor, Drone  
  75  5:19  Drone  
  75  5:20  Drone x2  
  79  5:21  Drone  
  79  5:26  Spore Crawler  
  79  5:27  Zergling x8  
  83  5:29  Zergling x2  
  83  5:32  Zerg Ground Armor Level 1  
  84  5:39  Zerg Melee Weapons Level 1  
  83  5:45  Zergling x8  
  83  5:46  Zergling x4  
  86  5:56  Zergling x10  
  90  5:59  Overlord  
  88  6:06  Drone x2  
  88  6:09  Overlord, Drone  
  88  6:10  Drone  
  90  6:12  Extractor  
  88  6:19  Drone x8  
  88  6:20  Drone  
  88  6:23  Overlord, Lair  
  96  6:25  Hatchery  
  96  6:27  Extractor  
  96  6:28  Extractor  
  96  6:30  Drone  
  96  6:32  Drone x3  
  97  6:33  Drone  
  97  6:39  Hatchery  
  97  6:40  Baneling x9  
  97  6:41  Baneling x3  
  97  6:42  Zergling x2  
  98  6:58  Zergling x16  
  98  6:59  Hatchery  
  97  7:11  Zergling x16  
  104  7:21  Zergling x6  
  104  7:22  Overseer  
  107  7:25  Centrifical Hooks, Spire  
  107  7:27  Zerg Ground Armor Level 2  
  107  7:28  Infestation Pit  
  107  7:29  Zergling x2  
  106  7:30  Zergling x14  
  106  7:35  Overlord  
  106  7:36  Zerg Melee Weapons Level 2  
  113  7:37  Zergling x2  
  113  7:41  Baneling  
  113  7:42  Baneling x5  
  114  7:46  Zergling x8  
  114  7:48  Pneumatized Carapace  
  118  7:52  Zergling x4  
  118  7:53  Zergling x6  
  123  7:58  Zergling x2  
  123  7:59  Zergling x8  
  128  8:22  Overlord x3, Zergling x2  
  115  8:35  Zergling x8  
  115  8:39  Overlord x3  
  119  8:42  Hive  
  119  8:44  Hatchery  
  119  8:46  Corruptor x5  
  128  8:55  Zergling x8  
  129  8:56  Zergling x6  
  129  9:02  Zergling x2  
  129  9:03  Zergling x14  
  129  9:07  Overseer, Zergling x2  
  137  9:19  Baneling x12  
  137  9:32  Overlord x2  
  128  9:49  Zergling x12  
  128  9:50  Zergling x30  
  149  9:56  Ultralisk Cavern  
  148  10:00  Drone  
  142  10:12  Drone x12  
Show
View Real Time Build Order
Export as new Build Order

JJAKJI Terran 

Build Orders: Gas First Reaper Expand, Reaper Expand, Hellion Banshee, MMM Bio 

Get SALT Encoding   

  12  0:00  SCV  
  13  0:12  SCV  
  14  0:17  Supply Depot  
  14  0:24  SCV  
  14  0:28  Refinery  
  15  0:38  SCV  
  16  0:44  Barracks  
  16  0:50  SCV  
  17  1:02  SCV  
  18  1:15  SCV  
  19  1:31  Reaper, Orbital Command  
  20  1:43  Command Center  
  20  1:55  Factory  
  20  1:57  SCV  
  21  2:06  Supply Depot  
  21  2:07  Barracks Reactor  
  21  2:10  SCV  
  22  2:15  Refinery  
  22  2:23  SCV  
  23  2:35  SCV  
  24  2:44  Marine x2  
  24  2:45  Starport  
  24  2:47  Widow Mine, SCV  
  29  2:56  Orbital Command  
  29  2:59  SCV  
  29  3:02  Marine x2  
  32  3:11  SCV  
  33  3:17  Factory Tech Lab  
  32  3:20  Marine x2  
  32  3:22  Medivac, SCV  
  32  3:23  SCV  
  38  3:30  Supply Depot  
  38  3:34  SCV  
  38  3:35  SCV  
  42  3:41  Hellion x2  
  42  3:47  SCV x2  
  46  3:59  Supply Depot, SCV x2  
  46  4:02  Cloaking Field, Banshee  
  51  4:10  Supply Depot  
  51  4:11  SCV x2  
  53  4:21  Hellion x2, Barracks Tech Lab  
  53  4:22  Armory  
  57  4:25  SCV x2  
  53  4:43  Hellion x2  
  51  4:47  Banshee  
  51  4:50  SCV  
  53  5:00  SCV  
  53  5:02  SCV  
  55  5:08  Hellion  
  55  5:11  Hellion  
  55  5:12  SCV  
  55  5:13  Marine  
  61  5:14  SCV  
  61  5:21  Supply Depot  
  62  5:26  Stimpack  
  62  5:30  Hellion  
  62  5:31  Marine  
  62  5:32  Hellion  
  67  5:46  Command Center  
  67  5:47  SCV x2  
  69  5:54  Marine  
  66  6:00  Barracks  
  66  6:01  SCV x2  
  66  6:02  Barracks  
  64  6:04  Factory Reactor  
  58  6:12  Engineering Bay x2, Marine  
  58  6:17  SCV x2  
  61  6:20  Barracks  
  61  6:22  Barracks  
  61  6:25  Starport Reactor  
  61  6:29  SCV x2  
  61  6:30  Marine  
  60  6:38  Refinery x2  
  60  6:40  Terran Infantry Weapons Level 1, Terran Infantry Armor Level 1  
  60  6:41  SCV x2  
  62  6:47  Factory Reactor  
  62  6:48  Marine  
  62  6:49  Marine x2  
  62  6:53  SCV x2  
  67  6:56  Marine x2  
  69  7:06  Marine x2  
  69  7:07  Marine  
  63  7:11  Orbital Command, SCV x2  
  63  7:13  Medivac x2  
  63  7:14  Barracks Reactor, Marine  
  67  7:18  Barracks Reactor  
  67  7:23  SCV  
  67  7:24  SCV  
  67  7:29  Widow Mine x2  
  69  7:30  Combat Shields, Marine  
  69  7:36  SCV  
  75  7:39  Orbital Command, SCV  
  76  7:44  Supply Depot  
  76  7:46  Supply Depot  
  76  7:47  Marine  
  76  7:48  SCV, Marine x2  
  76  7:49  Marine  
  76  7:50  Marine  
  82  7:53  SCV  
  82  7:58  Widow Mine  
  85  8:05  Widow Mine  
  85  8:06  Medivac x2, SCV, Marine  
  85  8:08  Marine x2  
  85  8:10  Orbital Command  
  85  8:12  Supply Depot  
  95  8:14  Marine  
  95  8:19  Marine x5  
  99  8:24  Marine  
  101  8:28  Marine x2  
  101  8:31  Marine  
  101  8:35  SCV x2  
  101  8:37  Marine x3  
  107  8:41  Widow Mine  
  107  8:43  Orbital Command  
  107  8:47  SCV  
  109  8:56  Supply Depot  
  109  8:57  Supply Depot  
  109  9:00  SCV  
  109  9:16  Bunker  
  109  9:17  Medivac, Widow Mine x2, SCV x2  
  109  9:19  Medivac, Supply Depot, SCV  
  109  9:21  Supply Depot  
  109  9:24  Supply Depot  
  120  9:27  Marine  
  120  9:28  Marine  
  120  9:29  Marine  
  120  9:30  Marine  
  124  9:34  Marine  
  125  9:40  Marine  
  125  9:41  Marine  
  108  9:48  Widow Mine x2  
  108  9:49  Medivac x2  
  108  9:50  Marine x6  
  108  9:52  SCV, Marine  
  109  9:53  SCV  
  110  10:05  Marine  
Tags
 
Add a new tag
Caveats
  • Supply blocks, unpowered buildings, or Contaminate may cause inaccurate times.
  • Supply counts are checked every 10 seconds.